 Dungeon Crawl Stone Soup version 0.30-a0-140-gd1020e658a (webtiles) character file.

Game seed: 16104137205126157105

600508 Zonian the Necromancer (level 25, -6/292 HPs)
             Began as a Demonspawn Gladiator on Sept 18, 2022.
             Was a High Priest of Okawaru.
             Mangled by a tentacled monstrosity (10 damage)
             ... on level 4 of the Depths on Sept 24, 2022.
             The game lasted 05:56:56 (115493 turns).

Zonian the Necromancer (Demonspawn Gladiator)     Turns: 115493, Time: 05:56:57

Health: -6/292     AC: 32    Str: 36 (37) XL:     25   Next: 95%
Magic:  0/36       EV: 17    Int: 23      God:    Okawaru [*****.]
Gold:   5639       SH: 17    Dex: 25 (26) Spells: 9/42 levels left

rFire   + + .      SeeInvis +    t - +11 trident "Cuil Ugg" {vorpal, rC- Dex+6}
rCold   + . .      Faith    .    m - +3 kite shield of Defiance {+Blink Will- Str+9 Slay+5}
rNeg    + + +      Spirit   +    s - +11 plate armour "Ukokir" {rC+ Int+2 Dex+3 SInv}
rPois   +          Reflect  .    N - -2 hat of the Alchemist {rElec rPois rF+ rC+ rN+ Will+ rMut rCorr}
rElec   +          Harm     .    A - +2 cloak
rCorr   +          Rampage  .    g - +1 pair of gloves of Nuosiet {Str+3}
rMut    +                        (boots unavailable)
Will    +++..                    x - amulet of Okawaru's Delight {Spirit rN+ Int+3}
Stlth   ..........               V - ring of Otahoin {Wiz rPois Str+4 Int+6 Dex-4}
HPRegen 0.58/turn                i - ring "Moynow" {rN+ Will+ Str+3 Slay+2}
MPRegen 0.25/turn

@: berserking (expiring), slowed, constricted, studying 2 skills, repel missiles
A: hooves 3, repulsion field 3, (demonic guardian 3), foul stench 3, torment
resistance 1, demonic willpower, see invisible, fire resistance 1, sturdy frame
1
}: 4/15 runes: barnacled, slimy, silver, gossamer
a: Renounce Religion, Evoke Blink, Heroism, Finesse, Duel


You were on level 4 of the Depths.
You worshipped Okawaru.
Okawaru was extremely pleased with you.
You visited 13 branches of the dungeon, and saw 53 of its levels.
You also visited: Trove and Bailey.

You collected 8875 gold pieces.
You spent 3236 gold pieces at shops.

Inventory:

Hand Weapons
 q - the +8 storm bow {elec, penet}
   (You found it on level 5 of the Pits of Slime)

   Any ammunition fired from it occasionally discharges a powerful burst of
   electricity upon striking a foe.
   Any ammunition fired by it passes through the targets it hits, potentially
   hitting all targets in its path until it reaches maximum range.
 t - the +11 trident "Cuil Ugg" (weapon) {vorpal, rC- Dex+6}
   (You found it on level 3 of the Dungeon)

   It inflicts extra damage upon your enemies.
   Dex:       It affects your dexterity (+6).
   rC:        It makes you vulnerable to cold.
 H - the +8 Vampire's Tooth {vamp}
   (You found it on level 3 of the Elven Halls)

   It occasionally heals its wielder for the full amount of damage dealt when it
   wounds a living foe.
 I - a +9 sling of venom
Missiles
 e - 72 boomerangs (quivered)
 v - 3 boomerangs of dispersal
 P - 17 curare-tipped darts
 S - 16 javelins
 W - 5 silver javelins
 X - 8 throwing nets
Armour
 g - the +1 pair of gloves of Nuosiet (worn) {Str+3}
   (Okawaru gifted it to you on level 2 of the Vaults)

   Str:       It affects your strength (+3).
 m - the +3 kite shield of Defiance (worn) {+Blink Will- Str+9 Slay+5}
   (Okawaru gifted it to you on level 4 of the Depths)

   Str:       It affects your strength (+9).
   Slay:      It affects your accuracy & damage with ranged weapons and melee
   (+5).
   +Blink:    It lets you blink.
   Will:      It decreases your willpower.
 s - the +11 plate armour "Ukokir" (worn) {rC+ Int+2 Dex+3 SInv}
   (Okawaru gifted it to you on level 4 of the Vaults)

   Int:       It affects your intelligence (+2).
   Dex:       It affects your dexterity (+3).
   rC:        It protects you from cold.
   SInv:      It lets you see invisible.
 A - a +2 cloak (worn)
 N - the -2 hat of the Alchemist (worn) {rElec rPois rF+ rC+ rN+ Will+ rMut rCorr}
   (You bought it in a shop on level 10 of the Dungeon)

   rF:        It protects you from fire.
   rC:        It protects you from cold.
   rElec:     It insulates you from electricity.
   rPois:     It protects you from poison.
   rN:        It protects you from negative energy.
   rCorr:     It protects you from acid and corrosion.
   rMut:      It protects you from mutation.
   Will:      It increases your willpower.
 T - a +3 buckler of fire resistance
Jewellery
 i - the ring "Moynow" (right hand) {rN+ Will+ Str+3 Slay+2}
   (You took it off a fire giant on level 3 of the Depths)

   [ring of willpower]

   Str:       It affects your strength (+3).
   Slay:      It affects your accuracy & damage with ranged weapons and melee
   (+2).
   rN:        It protects you from negative energy.
   Will:      It increases your willpower.
 l - the ring "Zicuomui" {Fly Int+6 Dex-3 Slay+4 SInv}
   (You found it in a treasure trove)

   [ring of slaying]

   Int:       It affects your intelligence (+6).
   Dex:       It affects your dexterity (-3).
   Slay:      It affects your accuracy & damage with ranged weapons and melee
   (+4).
   SInv:      It lets you see invisible.
   Fly:       It grants you flight.
 x - the amulet of Okawaru's Delight (around neck) {Spirit rN+ Int+3}
   (You found it in a treasure trove)

   [amulet of guardian spirit]

   It causes incoming damage to be divided between your reserves of health and
   magic.
   Int:       It affects your intelligence (+3).
   rN:        It protects you from negative energy.
 y - a +6 ring of dexterity
 G - a +6 ring of strength
 O - the necklace of Bloodlust {*Rage Will++ Int-3 Slay+6}
   (You took it off a deep elf master archer on level 3 of the Elven Halls)

   [amulet of nothing]

   It extends the wearer's berserk rage when killing foes.
   Int:       It affects your intelligence (-3).
   Slay:      It affects your accuracy & damage with ranged weapons and melee
   (+6).
   *Rage:     It berserks you when you make melee attacks (+50% chance).
   Will:      It greatly increases your willpower.
 V - the ring of Otahoin (left hand) {Wiz rPois Str+4 Int+6 Dex-4}
   (You took it off a deep elf high priest on level 3 of the Elven Halls)

   [ring of wizardry]

   It improves your spell success rate.
   Str:       It affects your strength (+4).
   Int:       It affects your intelligence (+6).
   Dex:       It affects your dexterity (-4).
   rPois:     It protects you from poison.
Wands
 c - a wand of iceblast (28)
 d - a wand of flame (73)
 D - a wand of mindburst (24)
 U - a wand of light (11)
 Z - a wand of digging (3)
Scrolls
 h - 6 scrolls of magic mapping
 k - 9 scrolls of fog
 o - 4 scrolls of blinking
 C - 6 scrolls of immolation
 F - a scroll of silence
 R - 3 scrolls of teleportation
 Y - 3 scrolls of poison
Potions
 f - 6 potions of flight
 j - 8 potions of ambrosia
 n - 4 potions of might
 p - 3 potions of magic
 r - a potion of resistance
 u - 3 potions of curing
 w - 6 potions of cancellation
 B - 4 potions of invisibility
 J - 2 potions of heal wounds
 L - 9 potions of brilliance
 M - 3 potions of haste
 Q - 9 potions of berserk rage
Miscellaneous
 a - a lightning rod (4/4)
 b - a condenser vane
 z - a tin of tremorstones (1/2)
 E - the horn of Geryon


   Skills:
 - Level 15.6 Fighting
 - Level 4.7 Short Blades
 - Level 14.0 Polearms
 - Level 14.0 Ranged Weapons
 - Level 3.3 Throwing
 - Level 15.0 Armour
 - Level 9.6 Dodging
 - Level 11.3 Stealth
 - Level 12.0 Shields
 - Level 9.2 Spellcasting
 + Level 14.4 Conjurations
 - Level 18.0 Necromancy
 - Level 15.4 Earth Magic
 - Level 18.0 Invocations
 - Level 12.0 Evocations


You had 9 spell levels left.
You knew the following spells:

 Your Spells              Type           Power      Damage    Failure   Level
a - Vampiric Draining     Necr           75%        2d11      1%          3
b - Dispel Undead         Necr           75%        3d25      1%          4
c - Borgnjor's Vile Clut  Necr/Erth      36%        N/A       1%          5
d - Lee's Rapid Deconstr  Erth           34%        3d18*     1%          5
e - Stone Arrow           Conj/Erth      100%       3d13      1%          3
f - Agony                 Necr           75%        N/A       1%          5
g - Passwall              Tmut/Erth      38%        N/A       1%          2
h - Iron Shot             Conj/Erth      34%        9d7       5%          6

Your spell library contained the following spells:

 Spells                   Type           Power      Damage    Failure   Level
 Magic Dart               Conj           100%       1d8       1%          1
 Necrotise                Necr           100%       1d9       1%          1
 Sandblast                Erth           100%       2d20      1%          1
 Cigotuvi's Dreadful Rot  Necr/Pois/Air  76%        N/A       1%          2
 Static Discharge         Conj/Air       86%        2-6/arc   1%          2
 Sublimation of Blood     Necr           75%        N/A       1%          2
 Iskenderun's Battlesphe  Conj           67%        2d12      1%          5
 Dazzling Flash           Conj/Hex       86%        N/A       2%          3
 Anguish                  Hex/Necr       25%        N/A       4%          4
 Mephitic Cloud           Conj/Pois/Air  32%        N/A       6%          3
 Leda's Liquefaction      Hex/Erth       23%        N/A       6%          4
 Fulminant Prism          Conj/Hex       21%        3d13      9%          4
 Iskenderun's Mystic Bla  Conj/Tloc      43%        2d10      9%          4
 Sticky Flame             Conj/Fire      43%        2d6       9%          4
 Apportation              Tloc           20%        N/A       16%         1
 Beastly Appendage        Tmut           20%        N/A       16%         1
 Arcjolt                  Conj/Air       21%        1d31      22%         5
 Lightning Bolt           Conj/Air       21%        1d36      22%         5
 Blink                    Tloc           20%        N/A       24%         2
 Ensorcelled Hibernation  Hex/Ice        20%        N/A       24%         2
 Poisonous Vapours        Pois/Air       20%        N/A       24%         2
 Wereblood                Tmut           10%        N/A       24%         2
 Orb of Destruction       Conj           33%        9d10      32%         7
 Frozen Ramparts          Ice            20%        1d4       41%         3
 Gell's Gravitas          Tloc           10%        N/A       41%         3
 Ignite Poison            Fire/Tmut/Pois 10%        N/A       41%         3
 Inner Flame              Hex/Fire       10%        N/A       41%         3
 Kindle Blastsparks       Fire/Tloc/Air  20%        2d11      41%         3
 Ozocubu's Armour         Ice            10%        N/A       41%         3
 Portal Projectile        Hex/Tloc       20%        N/A       41%         3
 Spider Form              Tmut/Pois      10%        N/A       41%         3
 Swiftness                Air            10%        N/A       41%         3
 Teleport Other           Tloc           10%        N/A       41%         3
 Borgnjor's Revivificati  Necr           37%        N/A       52%         8
 Statue Form              Tmut/Erth      30%        N/A       65%         6
 Starburst                Conj/Fire      21%        6d7       73%         6
 Cause Fear               Hex            5%         N/A       80%         4
 Olgreb's Toxic Radiance  Pois           10%        N/A       80%         4
 Blade Hands              Tmut           5%         N/A       98%         5
 Metabolic Englaciation   Hex/Ice        5%         N/A       98%         5
 Silence                  Hex/Air        5%         N/A       98%         5
 Yara's Violent Unravell  Hex/Tmut       5%         3d4       98%         5
 Dispersal                Tloc           5%         N/A       100%        6
 Dragon Form              Tmut           5%         N/A       100%        7
 Enfeeble                 Hex            5%         N/A       100%        7
 Ozocubu's Refrigeration  Ice            5%         4d8       100%        7
 Ignition                 Fire           5%         3d4       100%        8
 Maxwell's Capacitive Co  Air            5%         ∞         100%        8
 Animate Armour           Summ/Erth      Unusable   N/A       N/A         4
 Summon Small Mammal      Summ           Unusable   N/A       N/A         1
 Call Imp                 Summ           Unusable   N/A       N/A         2
 Summon Guardian Golem    Hex/Summ       Unusable   N/A       N/A         3
 Tukima's Dance           Hex            Unusable   N/A       N/A         3
 Haunt                    Necr/Summ      Unusable   N/A       N/A         7
 Summon Forest            Summ/Tloc      Unusable   N/A       N/A         5
 Spellforged Servitor     Conj/Summ      Unusable   N/A       N/A         7
 Summon Horrible Things   Summ           Unusable   N/A       N/A         8
 Dragon's Call            Summ           Unusable   N/A       N/A         9

Dungeon Overview and Level Annotations

Branches:
Dungeon (15/15)            Temple (1/1) D:5            Lair (5/5) D:10
 Shoals (4/4) Lair:3       Spider (4/4) Lair:2        Slime (5/5) Lair:5
    Orc (2/2) D:10            Elf (3/3) Orc:2        Vaults (5/5) D:13
  Crypt (3/3) Vaults:3       Tomb (0/3) Crypt:3      Depths (4/4) D:15
   Hell (visited)             Dis (0/7) Hell            Geh (0/7) Hell
    Coc (0/7) Hell            Tar (0/7) Hell            Zot (1/5) Depths:4
 Bailey (visited)

Altars:
Ashenzari
Cheibriados
Dithmenos
Fedhas
Gozag
Hepliaklqana
Kikubaaqudgha
Makhleb
Nemelex Xobeh
Okawaru
Qazlal
Ru
Sif Muna
Trog
Uskayaw
Vehumet
Wu Jian
Xom
Yredelemnul
Jiyva

Shops:
D:9 :   D:10 ([   Orc:1 *   Orc:2 (?([   Elf:1 :=[   Shoals:2 *   Shoals:3 [
Shoals:4 [   Depths:3 *

Portals:
Hell: Depths:1 Depths:2 Depths:3 Depths:4
Abyss: Depths:1 Depths:2 Depths:3
Pandemonium: Depths:2
Ziggurat: Depths:3


Innate Abilities, Weirdness & Mutations

You have hooves in place of feet.
You are surrounded by a strong repulsion field. (EV +4, RMsl)
((A powerful demonic guardian rushes to your aid.))
You frequently emit foul miasma when damaged in melee.
You are resistant to unholy torment.
You punish those that try to bend your will. (Will+)
You have supernaturally acute eyesight. (SInv)
Your flesh is heat resistant. (rF+)
Your movements are slightly less encumbered by armour. (ER -2)


Message History

You block the ghost moth's attack. The ghost moth hits you!
* * * LOW HITPOINT WARNING * * *
You feel clumsy.
You emit a cloud of foul miasma!
The ghost moth stings you but does no damage.
The moth of wrath is engulfed in dark miasma.
The moth of wrath looks even sicker.
The moth of wrath bites you but does no damage.
The tentacled monstrosity tentacle-slaps you!
* * * LOW HITPOINT WARNING * * *
The tentacled monstrosity tentacle-slaps you but does no damage.
The tentacled monstrosity tentacle-slaps you!
* * * LOW HITPOINT WARNING * * *
The tentacled monstrosity constricts you.
* * * LOW HITPOINT WARNING * * *
The ghost moth is engulfed in dark miasma.
The ghost moth looks even sicker.
The ghost moth stares at you.
The ghost moth hits you but does no damage. x2
The ghost moth stings you but does no damage.
You block the death cob's attack.
The moth of wrath bites you but does no damage.
The ghost moth is engulfed in dark miasma.
The ghost moth seems to slow down.
The ghost moth closely misses you. The ghost moth barely misses you.
You block the ghost moth's attack.
The moth of wrath is engulfed in dark miasma.
The moth of wrath looks even sicker.
The moth of wrath completely misses you.
The tentacled monstrosity's grasp on you weakens, but your attempt to escape fails.
You feel a strong urge to attack something.
The death cob hits you.
* * * LOW HITPOINT WARNING * * *
You block the tentacled monstrosity's attack. x3
The tentacled monstrosity constricts you.
* * * LOW HITPOINT WARNING * * *
The death cob hits you but does no damage.
The moth of wrath closely misses you.
The tentacled monstrosity tentacle-slaps you but does no damage.
The tentacled monstrosity tentacle-slaps you!
You die...

..............#............[.##
.............##....#'#........#
.............##...##.##.......#
..}..........##..##...##......#
................##..∩..##....)#
..............^####...####....##
.......[......##.###.###.##..#.##
.............##yyz#####...##.##..
....#####....'..@X.# #..∩..'.###.
...##.⌠.##..^##y.y#####...##.)#..
...#.....#....##.###.###.##......
...#⌠.<.⌠#.....####...####..#....
...#.....#......##..∩..##..##...)
...##...##.....(.##...##..###....
...###'###........##.##..###.....
..##.....##........#'#...........
.##...⌠...##...................##


You could see a tentacled monstrosity (berserk), a death cob, 2 ghost moths and
2 moths of wrath.

Vanquished Creatures
  the Royal Jelly (Slime:5)
  An ancient lich (Crypt:3)
  Mennas (Depths:3)
  Vv (Depths:3)
  Bai Suzhen (Vaults:4)
  Frederick (Vaults:4)
  A caustic shrike (Depths:2)
  Saint Roka (Vaults:1)
  5 golden dragons
  Geryon (Arena)
  Nikola (Spider:1)
  2 profane servitors (Crypt:3)
  Jory (Crypt:2)
  A bone dragon (Depths:4)
  2 hellephants (Depths:3)
  Arachne (Spider:4)
  Rupert (D:13)
  4 tentacled monstrosities
  5 titans
  5 liches
  2 deep elf master archers (Elf:3)
  5 quicksilver dragons
  2 deep elf blademasters (Elf:3)
  A walking divine tome (Depths:3)
  Gastronok (Lair:1)
  18 acid blobs
  The ghost of juncz the Eclecticist, an adept DrIE of Gozag (Spider:1)
  13 sphinxes
  A walking frostbound tome (Depths:2)
  Kirke (Spider:3)
  Agnes (Spider:1)
  14 ancient champions
  6 tengu reavers
  5 storm dragons
  A daeva (Depths:3)
  Ilsuiw (Shoals:4)
  A revenant (Crypt:3)
  10 azure jellies
  4 shadow dragons
  7 rockslimes (Slime:5)
  4 deep elf sorcerers
  6 fire giants
  Aizul (Shoals:2)
  11 frost giants
  4 iron dragons
  17 vault wardens
  2 ghost moths
  3 emperor scorpions (Spider:4)
  2 cacodemons
  2 orc warlords
  9 ghouls
  5 reapers
  2 spriggan defenders (Depths:4)
  2 draconian annihilators (Depths:4)
  14 stone giants
  5 quicksilver oozes
  A curse skull (Crypt:3)
  17 very ugly things
  26 ironbound preservers
  5 war gargoyles
  7 deep elf demonologists
  The ghost of Pooter the Cleaver, a journeyman MiBe of Trog (Lair:3)
  4 ironbound thunderhulks (Vaults:1)
  14 dire elephants
  9 vampire knights
  5 deep elf annihilators (Elf:3)
  A red draconian (Depths:4)
  4 entropy weavers
  A lorocyproca (Hell)
  A minotaur (Lair:2)
  Azrael (Spider:3)
  2 yellow draconians (Depths:4)
  6 spark wasps
  3 blizzard demons
  14 ettins
  An eidolon (Crypt:2)
  Snorg (Lair:4)
  6 deep elf death magi
  16 fire dragons
  13 yaktaur captains
  An ettin (shapeshifter) (Depths:4)
  5 merfolk impalers
  A mummy priest (Crypt:3)
  6 jiangshi (Crypt:3)
  7 merfolk javelineers
  9 great orbs of eyes
  3 deep elf high priests
  A spriggan zombie (Crypt:3)
  14 ice dragons
  A peacekeeper (Vaults:2)
  28 vault guards
  10 hydras
  5 rakshasas
  5 spriggan air magi
  5 jorogumos
  16 centaur warriors
  2 hell beasts
  2 ogre magi (Vaults:5)
  A hydra (shapeshifter) (D:15)
  A radroach (Spider:4)
  A catoblepas (Lair:3)
  A death knight (Crypt:2)
  An alligator snapping turtle (Shoals:3)
  2 anacondas (shapeshifter)
  The ghost of SigmundSlayer the Eclecticist, a journeyman DEEE of Jiyva (D:13)
  2 two-headed ogres
  4 merfolk avatars
  5 ironbound frosthearts
  3 satyrs
  6 death scarabs (Spider:4)
  5 boulder beetles
  16 dancing weapons
  4 merfolk aquamancers
  12 orc high priests
  5 death yaks (Lair:4)
  10 hell hogs (Depths:3)
  A bennu skeleton (Crypt:2)
  6 tengu warriors
  4 deep troll shamans
  11 deep troll earth magi
  9 vampire magi
  5 spriggan berserkers
  8 sun demons
  9 soul eaters
  A shock serpent (shapeshifter) (Vaults:5)
  Sonja (Lair:2)
  8 hell knights
  12 iron trolls
  12 deep elf knights
  A storm dragon skeleton (Crypt:1)
  3 shadow wraiths
  A titan skeleton (Crypt:2)
  22 skeletal warriors
  10 steelbarb worms
  Amaemon (Lair:1)
  7 pharaoh ants
  89 deep trolls
  A deep troll (shapeshifter) (Depths:2)
  A sixfirhy (Depths:1)
  9 deep elf archers
  5 flayed ghosts
  2 anaconda zombies (Crypt:3)
  An entropy weaver zombie (Crypt:1)
  12 sea snakes
  2 glowing orange brains
  4 orb spiders
  5 wizards
  A bog body (Crypt:1)
  4 orc knights
  12 ironbound convokers
  2 orange crystal statues
  An anaconda skeleton (Hell)
  A wolf spider zombie (Spider:4)
  6 lindwurms
  26 deep elf zephyrmancers
  2 orc sorcerers
  6 necromancers
  15 phantasmal warriors
  A fenstrider witch simulacrum (Hell)
  20 harpies
  19 ugly things
  A harpy (shapeshifter) (D:15)
  A spectral wolf spider (Spider:4)
  22 wolf spiders
  9 cyclopes
  25 manticores
  A broodmother zombie (Crypt:1)
  27 deep elf pyromancers
  6 elephants (Lair:5)
  11 fauns (Shoals:3)
  3 shining eyes (Slime:5)
  A naga zombie (Crypt:3)
  3 black mambas
  5 merfolk sirens
  A water nymph (Shoals:4)
  An eleionoma skeleton (Crypt:1)
  2 ice statues (Hell)
  8 moths of wrath
  Maurice (D:13)
  19 vault sentinels
  8 rust devils
  2 orange demons
  Maggie (Lair:1)
  An unseen horror zombie (Crypt:3)
  15 cane toads
  Joseph (D:8)
  4 torpor snails
  An unseen horror (D:11)
  30 yaktaurs
  2 efreet (D:14)
  A redback zombie (Spider:4)
  2 shock serpent skeletons (Crypt:1)
  3 rime drakes
  A purple draconian zombie (Crypt:3)
  2 yaktaurs (shapeshifter) (D:13)
  6 demonic crawlers
  2 kobold demonologists (D:12)
  5 spectral redbacks (Spider:4)
  A spectral merfolk (Shoals:1)
  An ice devil (Depths:2)
  9 komodo dragons
  2 sea snake zombies (Hell)
  5 freezing wraiths
  5 hydra zombies (Hell)
  6 guardian mummies (Crypt:3)
  An alligator snapping turtle skeleton (Hell)
  A bunyip simulacrum (Hell)
  A sea snake skeleton (Hell)
  2 meliai (shapeshifter)
  15 trolls
  5 tengu conjurers
  31 merfolk
  2 spectral jumping spiders (Spider:4)
  3 polar bears
  3 meliai (Spider:4)
  7 hornets
  10 wind drakes
  24 tarantellas
  A spectral culicivora (Spider:4)
  A culicivora zombie (Spider:4)
  11 blink frogs
  3 spectral tarantellas (Spider:4)
  79 slime creatures
  13 dream sheep
  A slime creature (shapeshifter) (Depths:3)
  An ettin zombie (Crypt:3)
  6 snapping turtles
  A raiju (shapeshifter) (D:14)
  3 flying skulls (Vaults:3)
  An iron dragon simulacrum (Crypt:3)
  An air elemental (Elf:1)
  22 jumping spiders
  13 culicivoras
  A black mamba zombie (Crypt:2)
  5 vampires
  5 spriggans
  4 wraiths
  A yak (shapeshifter) (Elf:1)
  19 water elementals
  10 wyverns
  43 yaks
  5 fire elementals
  5 hogs (Spider:3)
  A basilisk (shapeshifter) (Elf:1)
  9 vampire mosquitoes
  5 golden eyes (Slime:5)
  A basilisk (Lair:4)
  A hog (shapeshifter) (D:13)
  43 redbacks
  A chaos spawn (Depths:2)
  A neqoxec (Depths:2)
  8 wargs
  Menkaure (D:7)
  An acid dragon (D:11)
  A demonspawn zombie (Crypt:3)
  A floating eye (Depths:3)
  14 water moccasins
  40 orc warriors
  5 hell hounds
  A hornet zombie (Crypt:3)
  4 black bears
  A glowing shapeshifter skeleton (Crypt:2)
  2 hydra simulacra (Hell)
  3 ice beasts (D:7)
  A sky beast (D:6)
  A black bear (shapeshifter) (Vaults:5)
  4 boggarts
  An ogre (shapeshifter) (D:13)
  12 ogres
  11 wolves
  A phantom (D:6)
  10 centaurs
  A hog zombie (Crypt:1)
  Blork the orc (D:6)
  4 kobold brigands
  A fire crab zombie (Crypt:3)
  13 bullfrogs
  4 gnoll sergeants
  A scorpion (shapeshifter) (Depths:3)
  2 scorpions
  5 necrophages
  2 two-headed ogre simulacra (Orc:2)
  4 earth elementals
  9 wights
  An elephant simulacrum (Orc:2)
  12 killer bees
  7 howler monkeys
  A wolf zombie (Crypt:2)
  2 electric eels
  A lava snake (D:8)
  7 hounds
  39 orc priests
  7 jellies
  A basilisk skeleton (Crypt:3)
  23 orc wizards
  6 iguanas
  A boggart zombie (Crypt:2)
  7 hell rats
  A spriggan simulacrum (Orc:2)
  A troll simulacrum (Orc:2)
  An ice beast zombie (Crypt:2)
  A sky beast zombie (Crypt:1)
  An acid dragon skeleton (Crypt:2)
  20 gnolls
  3 naga simulacra (Orc:2)
  4 adders
  3 white imps
  A lava snake zombie (Crypt:1)
  An adder skeleton (Crypt:3)
  2 worms
  3 dart slugs
  141 orcs
  9 ball pythons
  10 bats
  6 endoplasms
  4 giant cockroaches
  13 hobgoblins
  9 jackals
  3 quokkas
  2 frilled lizards (D:1)
  15 goblins
  A goblin skeleton (Crypt:1)
  A jackal skeleton (Crypt:2)
  15 kobolds
  An orc skeleton (Crypt:3)
  A rat (D:1)
  3 fire vortices (Hell)
2206 creatures vanquished.

Vanquished Creatures (others)
  A deep elf high priest (Elf:1)
  An ice dragon (Depths:1)
  A dancing weapon (Elf:1)
  2 deep elf knights
  A pharaoh ant (Spider:1)
  A wolf spider (Spider:4)
  A tarantella (Spider:1)
  A blink frog (shapeshifter) (Vaults:5)
  A boggart (Vaults:2)
  An orc wizard (Elf:1)
  A bush (Lair:4)
  39 fungi
  106 plants
  6 tentacles (Shoals:3)
  9 withered plants (Shoals:1)
172 creatures vanquished.

Grand Total: 2378 creatures vanquished

Notes
Turn   | Place    | Note
-------+----------+-------------------------------------------
     0 | D:1      | Zonian the Demonspawn Gladiator began the quest for the
                  | Orb.
     0 | D:1      | Reached XP level 1. HP: 16/16 MP: 1/1
   159 | D:1      | Gained mutation: A weak demonic guardian rushes to your
                  | aid. [demonic ancestry]
   159 | D:1      | Reached XP level 2. HP: 9/22 MP: 2/2
   926 | D:1      | Reached XP level 3. HP: 27/27 MP: 3/3
  2462 | D:3      | Gained mutation: You are surrounded by a mild repulsion
                  | field. (EV +2) [demonic ancestry]
  2462 | D:3      | Reached XP level 4. HP: 27/33 MP: 4/4
  2630 | D:3      | Identified the +11 trident "Cuil Ugg" {vorpal, rC- Dex+6}
  3101 | D:3      | Found a faded altar of an unknown god.
  3620 | D:4      | Reached skill level 1 in Polearms
  4235 | D:4      | Reached XP level 5. HP: 38/38 MP: 5/5
  4496 | D:4      | Found a burning altar of Makhleb.
  4502 | D:4      | Noticed an ogre
  4513 | D:4      | Killed an ogre
  5022 | D:4      | Gained mutation: You have large cloven feet. [demonic
                  | ancestry]
  5022 | D:4      | Reached XP level 6. HP: 32/44 MP: 6/6
  5392 | D:4      | Found a bloodstained altar of Trog.
  5395 | D:4      | Found a basalt altar of Yredelemnul.
  5450 | D:5      | Entered Level 5 of the Dungeon
  5811 | D:5      | Reached skill level 5 in Polearms
  5825 | D:5      | Gained mutation: You may rarely emit foul miasma when
                  | damaged in melee. [demonic ancestry]
  5825 | D:5      | Reached XP level 7. HP: 49/50 MP: 7/7
  5825 | D:5      | Found a staircase to the Ecumenical Temple.
  5834 | Temple   | Entered the Ecumenical Temple
  5868 | Temple   | Became a worshipper of Warmaster Okawaru
  5892 | D:5      | Reached skill level 1 in Invocations
  6010 | D:5      | Found a hazy altar of Hepliaklqana.
  6734 | D:5      | Gained mutation: You are surrounded by a moderate repulsion
                  | field. (EV +3) [demonic ancestry]
  6734 | D:5      | Reached XP level 8. HP: 52/56 MP: 11/11
  6745 | D:5      | Reached * piety under Okawaru
  6746 | D:5      | Reached skill level 5 in Invocations
  7264 | D:5      | Found a snail-covered altar of Cheibriados.
  8109 | D:6      | Noticed Blork the orc
  8115 | D:6      | Killed Blork the orc
  8182 | D:6      | Reached ** piety under Okawaru
  8382 | D:6      | Found a shimmering blue altar of Sif Muna.
  8746 | D:6      | Gained mutation: A demonic guardian rushes to your aid.
                  | [demonic ancestry]
  8746 | D:6      | Reached XP level 9. HP: 61/61 MP: 15/15
  9455 | D:7      | HP: 2/61 [iguana (12)]
  9537 | D:7      | Noticed Menkaure
  9821 | D:7      | Killed Menkaure
 10021 | D:7      | Reached *** piety under Okawaru
 10463 | D:7      | Reached skill level 5 in Fighting
 11356 | D:8      | Identified the +6 dagger "Haghicueve" {venom, Stlth+}
 11374 | D:8      | Gained mutation: You sometimes emit foul miasma when
                  | damaged in melee. [demonic ancestry]
 11374 | D:8      | Reached XP level 10. HP: 72/76 MP: 14/16
 11720 | D:8      | Noticed Joseph
 11911 | D:8      | Noticed a two-headed ogre
 11922 | D:8      | Killed a two-headed ogre
 11922 | D:8      | Reached **** piety under Okawaru
 12106 | D:8      | Noticed a boulder beetle
 12124 | D:8      | Killed a boulder beetle
 12393 | D:8      | Killed Joseph
 13277 | D:9      | Found Doon's Book Shop.
 14174 | D:9      | Reached ***** piety under Okawaru
 14175 | D:9      | Reached skill level 10 in Fighting
 14359 | D:9      | Noticed an orange crystal statue
 14479 | D:10     | Entered Level 10 of the Dungeon
 14493 | D:10     | Found a flagged portal.
 14511 | Bailey   | Entered a bailey
 14529 | Bailey   | Noticed an orc warlord
 14615 | Bailey   | Found a runed translucent gate.
 14617 | Bailey   | Found a runed translucent gate.
 14629 | Bailey   | Found a runed translucent gate.
 14816 | Bailey   | Identified the ring of Panentheism {rF+ rCorr}
 15304 | Bailey   | Killed an orc warlord
 15305 | Bailey   | Reached skill level 5 in Dodging
 15305 | Bailey   | Reached skill level 1 in Ranged Weapons
 15305 | Bailey   | Gained mutation: You frequently emit foul miasma when
                  | damaged in melee. [demonic ancestry]
 15305 | Bailey   | Reached XP level 11. HP: 69/90 MP: 15/17
 15322 | Bailey   | Reached XP level 12. HP: 86/105 MP: 18/18
 15505 | D:10     | Found Qiofamn's Armour Emporium.
 15509 | D:10     | Found a staircase to the Orcish Mines.
 15511 | D:10     | Found Pudwopp's Weapon Emporium.
 15530 | D:10     | Bought the -2 hat of the Alchemist {rElec rPois rF+ rC+ rN+
                  | Will+ rMut rCorr} for 519 gold pieces
 15530 | D:10     | Found the -2 hat of the Alchemist {rElec rPois rF+ rC+ rN+
                  | Will+ rMut rCorr}
 16066 | D:10     | Found a staircase to the Lair.
 16102 | Lair:1   | Entered Level 1 of the Lair of Beasts
 16102 | Lair:1   | Noticed Maggie
 16117 | Lair:1   | Killed Maggie
 16118 | Lair:1   | Reached skill level 1 in Armour
 16442 | Lair:1   | Noticed Amaemon
 16454 | Lair:1   | Killed Amaemon
 16945 | Lair:1   | Received a gift from Okawaru
 17154 | Lair:1   | Noticed Gastronok
 17209 | Lair:1   | Killed Gastronok
 17300 | Lair:1   | Reached skill level 5 in Armour
 18013 | Lair:2   | Noticed Sonja
 18021 | Lair:2   | Killed Sonja
 18544 | Lair:2   | Gained mutation: You are surrounded by a strong repulsion
                  | field. (EV +4, RMsl) [demonic ancestry]
 18544 | Lair:2   | Reached XP level 13. HP: 89/111 MP: 19/19
 18659 | Lair:2   | Found a hole to the Spider Nest.
 19060 | Lair:2   | Found a runed translucent door.
 19216 | Lair:2   | Identified the +1 rapier of Xenudeixa {vamp, Stlth+}
 19269 | Lair:2   | Noticed a minotaur
 19279 | Lair:2   | Killed a minotaur
 19670 | Lair:3   | Found a large runed translucent door.
 19671 | Lair:3   | Found a large runed translucent door.
 19717 | Lair:3   | Found a shimmering altar of Xom.
 20444 | Lair:3   | Identified the +0 ring mail of Protective Custody {rPois
                  | rN++ MP+9}
 20559 | Lair:3   | Found a staircase to the Shoals.
 20596 | Lair:3   | Noticed Pooter's ghost (journeyman MiBe)
 21441 | Lair:4   | Received a gift from Okawaru
 22119 | Lair:4   | Reached skill level 5 in Ranged Weapons
 22120 | Lair:4   | Reached skill level 1 in Evocations
 22670 | Lair:4   | Noticed Snorg
 22685 | Lair:4   | Killed Snorg
 22685 | Lair:4   | Received a gift from Okawaru
 22686 | Lair:4   | Reached skill level 5 in Evocations
 23288 | Lair:5   | Entered Level 5 of the Lair of Beasts
 23626 | Lair:5   | Received a gift from Okawaru
 24532 | Lair:5   | Reached XP level 14. HP: 117/118 MP: 12/20
 25395 | Lair:5   | Found the +8 trident of the Octopus King {venom, rElec
                  | rPois}
 25397 | Lair:5   | Received a gift from Okawaru
 25398 | Lair:5   | Reached skill level 1 in Stealth
 25745 | Lair:5   | Found a viscous altar of Jiyva.
 25746 | Lair:5   | Found a staircase to the Slime Pits.
 26165 | Lair:5   | Received a gift from Okawaru
 27235 | D:11     | Reached skill level 1 in Shields
 28670 | D:13     | Reached skill level 5 in Stealth
 28766 | D:13     | Noticed Maurice
 28783 | D:13     | Killed Maurice
 28814 | D:13     | Noticed Rupert
 28826 | D:13     | Killed Rupert
 29386 | D:13     | Found a gate to the Vaults.
 29844 | D:13     | Noticed SigmundSlayer's ghost (journeyman DEEE)
 29847 | D:13     | Found a runed translucent door.
 29893 | D:13     | Killed SigmundSlayer's ghost
 29893 | D:13     | Received a gift from Okawaru
 29950 | D:13     | Noticed a sphinx
 29965 | D:13     | Killed a sphinx
 30614 | D:14     | Reached XP level 15. HP: 124/124 MP: 21/21
 30634 | D:14     | Received a gift from Okawaru
 30939 | D:14     | Reached skill level 5 in Shields
 32184 | D:14     | Received a gift from Okawaru
 32757 | D:14     | Found a portal to a secret trove of treasure.
 32983 | D:15     | Entered Level 15 of the Dungeon
 33040 | D:15     | Found a staircase to the Depths.
 33501 | D:15     | Identified the +7 mace of the Establishment {freeze, *Rage
                  | rElec rPois rF+++}
 33896 | D:15     | Reached skill level 10 in Ranged Weapons
 34440 | D:14     | Reached skill level 10 in Polearms
 34523 | Orc:1    | Entered Level 1 of the Orcish Mines
 35303 | Orc:2    | Entered Level 2 of the Orcish Mines
 36191 | Orc:2    | Reached skill level 10 in Stealth
 36684 | Orc:2    | Found Eneamen's Weapon Shoppe.
 36684 | Orc:2    | Found Sewodob's Armour Boutique.
 36768 | Orc:2    | Found Xupso Coy's Antique Weapon Shoppe.
 36768 | Orc:2    | Found Kicyd's Magic Scroll Boutique.
 36779 | Orc:2    | Bought a scroll of teleportation for 36 gold pieces
 36779 | Orc:2    | Bought a scroll of fog for 48 gold pieces
 37107 | Orc:2    | Found a staircase to the Elven Halls.
 37252 | Orc:2    | Found a runed translucent door.
 37571 | Orc:2    | Identified the +5 morningstar of Bread {holy, rN+ Str-5
                  | Int+3}
 37980 | Orc:1    | Reached XP level 16. HP: 126/131 MP: 19/22
 38014 | Orc:1    | Received a gift from Okawaru
 38025 | Orc:1    | Found Setag's Assorted Antiques.
 38356 | Orc:1    | Bought a scroll of teleportation for 72 gold pieces
 38626 | Spider:1 | Entered Level 1 of the Spider Nest
 38840 | Spider:1 | Identified the +3 leather armour of Gehenna {Dex+3}
 38960 | Spider:1 | Noticed Agnes
 39483 | Spider:1 | Noticed Nikola
 39550 | Spider:1 | Killed Nikola
 40351 | Spider:1 | Killed Agnes
 40406 | Spider:1 | Found a runed translucent door.
 40408 | Spider:1 | Found a shimmering altar of Xom.
 40409 | Spider:1 | Noticed juncz's ghost (adept DrIE)
 41004 | Orc:2    | Bought 3 scrolls of identify for 72 gold pieces
 43674 | Spider:3 | Noticed Kirke
 44042 | Spider:3 | Identified the +1 pair of boots of Pathos {Str+5} (Okawaru
                  | gifted it to you on level 3 of the Spider Nest)
 44042 | Spider:3 | Received a gift from Okawaru
 44107 | Spider:3 | Killed Kirke
 44738 | Spider:3 | Identified the +0 robe "Iviv" {rF+ rCorr Dex+3}
 45207 | Spider:3 | Noticed Azrael
 45220 | Spider:3 | Killed Azrael
 45631 | Spider:4 | Entered Level 4 of the Spider Nest
 45969 | D:9      | Bought Boanull's Encyclopedia of Dark Sidekicks for 572
                  | gold pieces
 45973 | D:9      | Learned a level 3 spell: Vampiric Draining
 47013 | Shoals:1 | Entered Level 1 of the Shoals
 47041 | Lair:3   | Reached skill level 1 in Necromancy
 47907 | Shoals:1 | Reached skill level 1 in Spellcasting
 48231 | Shoals:1 | Gained mutation: You have hoof-like feet. [demonic
                  | ancestry]
 48231 | Shoals:1 | Reached XP level 17. HP: 140/140 MP: 23/23
 49462 | Shoals:2 | Noticed Aizul
 49486 | Shoals:2 | Killed Aizul
 49614 | Shoals:2 | Identified the +10 falchion of Coanoo Imat {freeze, rPois
                  | Will+ Int+6}
 49641 | Shoals:2 | Found Selaihi's Assorted Antiques.
 49644 | Shoals:2 | Bought a potion of haste for 250 gold pieces
 49814 | Shoals:3 | Noticed a kraken
 50101 | Shoals:3 | Found Borugeg's Armour Shoppe.
 52345 | Shoals:4 | Entered Level 4 of the Shoals
 52729 | Shoals:4 | Got the Anthology of the Bloody Volcanoes
 53018 | Shoals:4 | Noticed Ilsuiw
 53755 | Shoals:4 | Killed Ilsuiw
 54087 | Shoals:4 | Found Gupnoep's Antique Armour Boutique.
 54828 | Shoals:4 | Bought a shiny chain mail for 247 gold pieces
 54828 | Shoals:4 | Bought a shiny kite shield for 247 gold pieces
 55000 | Shoals:4 | Received a gift from Okawaru
 55351 | Shoals:4 | Got a barnacled rune of Zot
 56129 | Spider:4 | Reached skill level 5 in Necromancy
 56129 | Spider:4 | Gained mutation: You have hooves in place of feet. [demonic
                  | ancestry]
 56129 | Spider:4 | Reached XP level 18. HP: 89/148 MP: 24/24
 58586 | Spider:4 | Noticed Arachne
 58632 | Spider:4 | Killed Arachne
 59556 | Spider:4 | Received a gift from Okawaru
 59585 | Spider:4 | Got a gossamer rune of Zot
 60106 | Elf:1    | Entered Level 1 of the Elven Halls
 60391 | Elf:1    | Reached skill level 10 in Armour
 60423 | Elf:1    | Found Utoohu's Antique Armour Boutique.
 60430 | Elf:1    | Bought an ancient leather armour for 133 gold pieces
 60430 | Elf:1    | Identified the +1 leather armour "Wosyicapt" {Str+3 Int+4
                  | Dex-4} (You bought it in a shop on level 1 of the Elven
                  | Halls)
 60846 | Elf:1    | Found Vesim's Book Emporium.
 60847 | Elf:1    | Found Ganun's Jewellery Boutique.
 60849 | Elf:1    | Found Jeckioj's Book Emporium.
 61247 | Elf:1    | Paralysed by an air elemental for 1 turns
 61507 | Elf:1    | Noticed a Tzitzimitl
 62188 | Elf:1    | Found a runed translucent gate.
 62188 | Elf:1    | Found a runed translucent gate.
 62188 | Elf:1    | Found a runed translucent gate.
 62188 | Elf:1    | Found a runed translucent gate.
 62188 | Elf:1    | Found a runed translucent gate.
 62189 | Elf:1    | Noticed a Tzitzimitl
 62195 | Elf:1    | Found a runed translucent gate.
 63061 | Elf:2    | Identified the +0 leather armour of Dishonour {Int+4
                  | Slay+3}
 63443 | Elf:2    | Reached XP level 19. HP: 108/154 MP: 25/25
 63809 | Elf:2    | Found a runed translucent gate.
 63810 | Elf:2    | Found a runed translucent gate.
 63810 | Elf:2    | Found a runed translucent gate.
 64046 | Elf:3    | Entered Level 3 of the Elven Halls
 64064 | Elf:3    | Learned a level 4 spell: Dispel Undead
 64762 | Elf:3    | Reached skill level 10 in Invocations
 65095 | Elf:3    | Identified the +5 scale mail of a Gauntlet {Dex+6}
 65145 | Elf:3    | Identified the +11 quarterstaff "Fylup" {venom, rCorr Int+9
                  | Dex-5}
 65145 | Elf:3    | Identified the ring of Otahoin {Wiz rPois Str+4 Int+6
                  | Dex-4}
 65192 | Elf:3    | HP: 3/154 [something (24)]
 65198 | Elf:3    | Reached skill level 10 in Necromancy
 65609 | Elf:3    | Noticed a Brimstone Fiend
 65849 | Elf:3    | Found the +8 Vampire's Tooth {vamp}
 65874 | Elf:3    | Got the Atlas of the World
 66630 | D:9      | Bought a manual of Earth Magic for 1040 gold pieces
 66636 | D:9      | Learned a level 5 spell: Borgnjor's Vile Clutch
 66754 | Vaults:1 | Entered Level 1 of the Vaults
 66813 | Vaults:1 | Received a gift from Okawaru
 66814 | Vaults:1 | Reached skill level 1 in Earth Magic
 67377 | Vaults:1 | You fall into a shaft and drop 1 floor!
 68545 | Vaults:1 | Reached skill level 5 in Earth Magic
 69358 | Vaults:1 | Noticed Saint Roka
 69392 | Vaults:1 | Killed Saint Roka
 70514 | Vaults:1 | Gained mutation: You punish those that try to bend your
                  | will. (Will+) [demonic ancestry]
 70514 | Vaults:1 | Reached XP level 20. HP: 137/161 MP: 29/29
 72283 | Vaults:2 | Identified the +1 pair of gloves of Nuosiet {Str+3}
                  | (Okawaru gifted it to you on level 2 of the Vaults)
 72283 | Vaults:2 | Received a gift from Okawaru
 73739 | Vaults:2 | Reached skill level 10 in Earth Magic
 75994 | Vaults:3 | Found a staircase to the Crypt.
 75994 | Vaults:3 | Found a basalt altar of Yredelemnul.
 75995 | Vaults:3 | Found an ancient bone altar of Kikubaaqudgha.
 77184 | Vaults:4 | Received a gift from Okawaru
 77252 | Vaults:4 | Identified the +9 dagger "Evasopoa" {distort, rPois}
 77583 | Vaults:4 | Reached XP level 21. HP: 167/167 MP: 30/30
 77957 | Vaults:4 | Noticed a golden dragon
 77969 | Vaults:4 | Killed a golden dragon
 78227 | Vaults:4 | Reached skill level 5 in Spellcasting
 79644 | Vaults:4 | Learned a level 5 spell: Lee's Rapid Deconstruction
 79648 | Vaults:4 | Learned a level 3 spell: Stone Arrow
 79654 | Vaults:4 | Learned a level 5 spell: Agony
 79983 | Lair:3   | Killed Pooter's ghost
 80133 | Spider:1 | Killed juncz's ghost
 80383 | D:14     | You paid a toll of 5 potions of resistance to enter a
                  | treasure trove
 80384 | Trove    | Entered a treasure trove
 80396 | Trove    | Identified the ring "Angiq" {rF+ Int+3 SInv}
 80401 | Trove    | Identified the ring "Zicuomui" {Fly Int+6 Dex-3 Slay+4
                  | SInv}
 80403 | Trove    | Identified the ring of Circularity {Fly rF- Int+5 Dex+4}
 80408 | Trove    | Identified the amulet of Okawaru's Delight {Spirit rN+
                  | Int+3}
 81180 | Vaults:4 | Upgraded the game from 0.30-a0-125-g51eefa89be to
                  | 0.30-a0-135-g630cfc4551
 81910 | Vaults:5 | Entered Level 5 of the Vaults
 81924 | Vaults:5 | Received a gift from Okawaru
 81928 | Vaults:5 | Reached skill level 15 in Necromancy
 81930 | Vaults:5 | Noticed Bai Suzhen
 81935 | Vaults:5 | Noticed Frederick
 82343 | Vaults:4 | Killed Bai Suzhen
 83036 | Vaults:4 | Identified the +11 plate armour "Ukokir" {rC+ Int+2 Dex+3
                  | SInv} (Okawaru gifted it to you on level 4 of the Vaults)
 83036 | Vaults:4 | Received a gift from Okawaru
 83624 | Vaults:4 | Killed Frederick
 85180 | Vaults:5 | Got a silver rune of Zot
 85284 | Vaults:5 | Noticed a golden dragon
 85311 | Vaults:5 | Killed a golden dragon
 85425 | Vaults:5 | Noticed a golden dragon
 85447 | Vaults:5 | Killed a golden dragon
 85886 | Vaults:5 | Found the +2 Maxwell's thermic engine {flame, freeze}
 85898 | Vaults:5 | Gained mutation: You are resistant to unholy torment.
                  | [demonic ancestry]
 85898 | Vaults:5 | Reached XP level 22. HP: 157/174 MP: 24/31
 86015 | Vaults:5 | Reached skill level 15 in Fighting
 86015 | Vaults:5 | Reached XP level 23. HP: 182/182 MP: 32/32
 86334 | Vaults:5 | Identified the +4 morningstar of Viti {elec, *Rage Str+2
                  | Dex+4}
 88101 | Vaults:5 | Learned a level 2 spell: Passwall
 88359 | Depths:1 | Entered Level 1 of the Depths
 88420 | Depths:1 | Reached skill level 1 in Conjurations
 88517 | Depths:1 | Found a broken altar of Ashenzari.
 88715 | Depths:1 | Found a one-way gate to the infinite horrors of the Abyss.
 88730 | Depths:1 | Found a radiant altar of Vehumet.
 88900 | Depths:1 | Reached skill level 10 in Evocations
 89172 | Depths:1 | Found a gateway to Hell.
 90100 | Depths:2 | Identified the +1 buckler "Niwaomm" {rElec rN+++ MP-9
                  | Int+4}
 90155 | Depths:2 | Found a one-way gate leading to the halls of Pandemonium.
 90558 | Depths:2 | Received a gift from Okawaru
 90579 | Depths:2 | Upgraded the game from 0.30-a0-135-g630cfc4551 to
                  | 0.30-a0-140-gd1020e658a
 90997 | Depths:2 | Noticed a caustic shrike
 90997 | Depths:2 | Noticed a caustic shrike
 90997 | Depths:2 | Noticed a caustic shrike
 90997 | Depths:2 | Noticed a caustic shrike
 90997 | Depths:2 | Noticed a caustic shrike
 92322 | Depths:2 | Reached skill level 15 in Armour
 92335 | Depths:2 | Reached skill level 5 in Conjurations
 92872 | Slime:1  | Entered Level 1 of the Pits of Slime
 92882 | Slime:1  | Received a gift from Okawaru
 93145 | Slime:1  | HP: 8/182 [quicksilver ooze (11)]
 94392 | Slime:5  | Entered Level 5 of the Pits of Slime
 94875 | Slime:5  | Reached XP level 24. HP: 164/189 MP: 26/33
 95246 | Slime:5  | Gained mutation: Your spells are a little easier to cast,
                  | but a little less powerful. [a shining eye]
 95528 | Slime:5  | Identified the +1 robe of Avicve {rCorr Archmagi} (Okawaru
                  | gifted it to you on level 5 of the Pits of Slime)
 95528 | Slime:5  | Received a gift from Okawaru
 96072 | Slime:5  | Gained mutation: Your magical capacity is low. (-10% MP) [a
                  | shining eye]
 96076 | Slime:5  | Gained mutation: You occasionally lose the ability to drink
                  | potions when taking damage. [a shining eye]
 96082 | Slime:5  | Reached skill level 15 in Invocations
 96462 | Slime:5  | Noticed the Royal Jelly
 96499 | Slime:5  | Killed the Royal Jelly
 96596 | Slime:5  | Found the +8 storm bow {elec, penet}
 96600 | Slime:5  | Found the ring of the Mage {Wiz Archmagi}
 96608 | Slime:5  | Identified the ring of Intercession {rF+ rCorr}
 96635 | Slime:5  | Got the Meditations on the Elliptic Pyre
 96660 | Slime:5  | Identified the +6 morningstar of Purpose {freeze, rElec
                  | rC++ Str+2 Dex-4}
 96691 | Slime:5  | Identified the +5 flail of Attainder {freeze, rPois Will+
                  | Int+2}
 96705 | Slime:5  | Got a slimy rune of Zot
 96739 | Slime:5  | Identified the +6 plate armour "Pyodghag" {Contam Int+8}
 97298 | Elf:3    | Lost mutation: Your spells are a little easier to cast, but
                  | a little less powerful. [potion of mutation]
 97298 | Elf:3    | Lost mutation: You occasionally lose the ability to drink
                  | potions when taking damage. [potion of mutation]
 97298 | Elf:3    | Lost mutation: Your magical capacity is low. (-10% MP)
                  | [potion of mutation]
 97298 | Elf:3    | Gained mutation: Your movements are slightly less
                  | encumbered by armour. (ER -2) [potion of mutation]
 97298 | Elf:3    | Gained mutation: Your flesh is heat resistant. (rF+)
                  | [potion of mutation]
 97298 | Elf:3    | Gained mutation: You have supernaturally acute eyesight.
                  | (SInv) [potion of mutation]
 97321 | Elf:3    | Learned a level 6 spell: Iron Shot
 98047 | Depths:3 | Paralysed by a floating eye for 2 turns
 98675 | Depths:3 | Noticed Mennas
 99322 | Depths:3 | You fall into a shaft and drop 1 floor!
 99322 | Depths:4 | Entered Level 4 of the Depths
100728 | Depths:4 | Identified the +3 kite shield of Defiance {+Blink Will-
                  | Str+9 Slay+5} (Okawaru gifted it to you on level 4 of the
                  | Depths)
100728 | Depths:4 | Received a gift from Okawaru
101192 | Depths:4 | Reached skill level 10 in Conjurations
101261 | Depths:4 | Found a gate to the Realm of Zot.
102373 | Depths:3 | Found Zikh's Blood Bar.
102389 | Depths:3 | Killed Mennas
102398 | Depths:3 | Noticed Vv
102905 | Depths:3 | Found a one-way gateway to a ziggurat.
103316 | Depths:3 | Killed Vv
103585 | Depths:3 | Reached skill level 10 in Shields
104106 | Depths:3 | Identified the ring "Moynow" {rN+ Will+ Str+3 Slay+2}
104529 | Depths:3 | Gained mutation: A powerful demonic guardian rushes to your
                  | aid. [demonic ancestry]
104529 | Depths:3 | Reached XP level 25. HP: 195/195 MP: 36/36
105418 | Crypt:1  | Entered Level 1 of the Crypt
106356 | Crypt:1  | Identified the +3 chain mail of the Invisible Hand {Harm
                  | rF+ Will+ Dex-2}
106360 | Crypt:1  | Identified the +0 robe of Inviolability {Harm rCorr Int+4}
106496 | Crypt:1  | Found a basalt altar of Yredelemnul.
107417 | Crypt:2  | Noticed Jory
107425 | Crypt:2  | Killed Jory
107873 | Crypt:3  | Entered Level 3 of the Crypt
109157 | Crypt:3  | Noticed an ancient lich
109164 | Crypt:3  | Killed an ancient lich
109388 | Crypt:3  | Found a staircase to the Tomb.
109706 | Crypt:3  | Found an ancient bone altar of Kikubaaqudgha.
109706 | Crypt:3  | Found a basalt altar of Yredelemnul.
110419 | Crypt:3  | Identified the +8 flail "Zeumiohoz" {flame, rC+}
110421 | Crypt:3  | Got the Atlas of Metamorphic Graupel
110426 | Crypt:3  | Identified the +3 trident of Conscience {elec, +Blink}
110941 | Hell     | Entered the Vestibule of Hell
110941 | Hell     | Noticed Geryon
110955 | Depths:1 | Reached skill level 15 in Earth Magic
113840 | Arena    | Entered the Arena
113856 | Arena    | Killed Geryon
113951 | Hell     | Found a gateway to the decaying netherworld of Tartarus.
114297 | Hell     | Found a gateway to the Iron City of Dis.
114405 | Hell     | Found a gateway to the ashen valley of Gehenna.
114771 | Hell     | Found a gateway to the freezing wastes of Cocytus.
115015 | Zot:1    | Entered Level 1 of the Realm of Zot
115492 | Depths:4 | HP: 11/292 [constriction (5)]
115493 | Depths:4 | HP: 4/292 [constriction (3)]
115493 | Depths:4 | Mangled by a tentacled monstrosity

Illustrated notes

Levels and vault maps discovered:
D:1:      lemuel_arrival_lava_pool, layout_basic
D:2:      layout_loops_ring, corexii_corridor_pit, kennysheep_generic_room_12
D:3:      minmay_bubble_buster, layout_basic, basic_ecumenical_altar
D:4:      layout_cave_pods, mainiacjoe_overflow_small_starburst,
          amethyst_overflow_temple_binary
D:5:      layout_gridville, slow_altar_2, kennysheep_mini_moat,
          minmay_temple_entry_waves, serial_glass, glass_columns_a,
          glass_columns_a, glass_columns_a, glass_columns_b, glass_columns_a,
          glass_columns_a
D:6:      layout_rooms, nicolae_elyvilon_temple_path, led_sif_book,
          uniq_blork_the_orc
D:7:      layout_rooms, minmay_crossroads, uniq_menkaure
D:8:      layout_cave_pods, kennysheep_dice, uniq_joseph
D:9:      layout_loops_cross, serial_shops, shop, minivault_16
D:10:     layout_long_grid, david_lair_shrubbed, orc_david_3, enter_bailey_5
D:11:     layout_loops_corners
D:12:     layout_cave_pools
D:13:     layout_roguey, david_vaults_4, hellmonk_ghost_happy_afterlife,
          minmay_three_doors, uniq_rupert, uniq_maurice
D:14:     minmay_the_grid_4x2 [minmay_the_grid_tiny_cups,
          minmay_the_grid_minigrid_small_alt, minmay_the_grid_outer_circle,
          minmay_the_grid_slots, minmay_the_grid_embedded,
          minmay_the_grid_square_x, minmay_the_grid_zigzag_pyramid,
          minmay_the_grid_prize_shrinking_boxes], layout_irregular_city,
          trove_entry_hex_spiral, infiniplex_staircase_spiral,
          grunt_decor_fettered
D:15:     hangedman_depths_entry_civil_slaughter, layout_loops_corners,
          moated_statue
Temple:   hellmonk_temple_of_storms
Lair:1:   layout_concentric_octagons, serial_bayou_pond_b, uniq_maggie,
          uniq_gastronok, uniq_amaemon
Lair:2:   dreamdust_labyrinth, layout_misc_corridors, spider_nest_entry_webs,
          st_stairs_7, minivault_11, beast_lair_carwin_9, uniq_sonja
Lair:3:   layout_cave_shapes, minmay_shoals_entry_lonely_mermaid,
          ebering_ghost_disaster_area, basic_altar, dreamdust_mushroom_princess,
          grunt_megastairs_5
Lair:4:   layout_regular_city, nicolae_lair_grazing_beasts
          [nicolae_sub_lair_graze_edge, nicolae_sub_lair_graze_edge,
          nicolae_sub_lair_graze_edge, nicolae_sub_lair_graze_edge], uniq_snorg
Lair:5:   gammafunk_lair_ancient_temple, layout_cave_pods, slime_entry_1
Shoals:1: layout_shoals, nicolae_shoals_spectral_cove
Shoals:2: layout_shoals, serial_shops, nicolae_shop_behind_doors, uniq_aizul
Shoals:3: cheibrodos_shoals_oceanic_diplomacy, layout_shoals, serial_shops,
          shop_fountains
Shoals:4: shoals_end_hangedman, layout_shoals, shoal_ilsuiw, serial_shops, shop
Spider:1: layout_spider_delve, ebering_ghost_xom, guppyfry_spider_mini_3,
          uniq_nikola, uniq_agnes
Spider:2: layout_spider_delve
Spider:3: cheibrodos_spider_silkery, nicolae_spider_bug_shape,
          hangedman_spider_tarantella_strand, uniq_kirke, uniq_azrael
Spider:4: floodkiller_spider_rune_tomb, drop_trap, spiders_nest_spider_trap,
          uniq_arachne
Slime:1:  layout_caves, uniq_donald
Slime:2:  cheibrodos_slime_lost_civilization_1, layout_caves
Slime:3:  layout_caves
Slime:4:  layout_caves
Slime:5
Orc:1:    layout_diamond_mine, serial_shops, nicolae_square_shop
Orc:2:    st_orc_town, layout_caves, portal_ice_cave_entry_ice_simulacra,
          roderic_batcave, lightli_church_of_beogh
Elf:1:    eino_elf_arrival_the_gate, layout_onion_city, serial_shops, shop,
          orc_legates, minmay_elf_demonology, minmay_shop_grove
Elf:2:    nicolae_elf_blades_crystal_corner, layout_geoelf_grid
Elf:3:    elf_hall_gauntlet_narrow, layout_geoelf_grid
Vaults:1: nicolae_vaults_stairing_the_circle, hangedman_vaults_stream, v_misc_5,
          v_alt_pattern_3, nicolae_vaults_three_branches, v_misc_11,
          hangedman_vaults_snaps, vaults_room_hallway, vaults_dpeg_ring,
          nicolae_vaults_circle_grid_b, layout_vaults_omnicross, uniq_saint_roka
Vaults:2: st_lines, ontoclasm_vaults_chip, v_misc_31, v_pattern_5,
          grunt_vaults_hallway_long, nicolae_vaults_alarming,
          ontoclasm_vaults_twist, hangedman_vaults_maws,
          vaults_mumra_minichess_inversion, grunt_vaults_hallway_short,
          vaults_room_pool, layout_vaults_omnigrid
Vaults:3: v_misc_24, vaults_room_hallway, ontoclasm_vaults_chip,
          minmay_crypt_entry_necro_gods, hangedman_vaults_nails,
          v_alt_pattern_3, nicolae_vaults_little_squares_4,
          hangedman_vaults_impose, v_misc_22, v_pattern_2,
          nicolae_vaults_rhombus_5, vaults_dpeg_diagonal, vaults_mumra_hexcomb,
          nicolae_vaults_border_crossing, layout_vaults_ring
Vaults:4: v_misc_17, v_rooms_4, v_alt_pattern_4, nicolae_vaults_murderbox,
          nicolae_vaults_rhombus_6, nicolae_vaults_asterisk,
          layout_vaults_chaotic_city
Vaults:5: serial_shops, uniq_frederick, uniq_bai_suzhen
Crypt:1:  layout_regular_city, mu_enter_wizlab_4, basic_altar,
          nicolae_crypt_small_crypt
Crypt:2:  layout_chaotic_city, uniq_jory
Crypt:3:  lightli_unholy_cathedral, layout_chaotic_city,
          tomb_entry_shell_bobbens
Depths:1: layout_gridville, hangedman_coc_ice_floe, nicolae_vehumet_radiance,
          abyss_entry, minivault_16, drop_trap, nicolae_ashenzari_skybound
Depths:2: evilmike_marble_ring, layout_cave_pools, hell_entry,
          abyss_entry_small_statue_room, rand_demon_pan_entry_7, special_room
          [special_room_mythical_zoo], hangedman_decor_push
Depths:3: minmay_curly_fans, layout_cave_pools, enter_ziggurat_d,
          nicolae_elevator_lobby_plus, grunt_hell_horde, abyss_entry,
          minivault_22, kennysheep_crisscross, guppyfry_shop_blood, uniq_mennas,
          uniq_margery, uniq_vv
Depths:4: evilmike_zot_entry_diamond, layout_cave_shapes, hangedman_geh_valley,
          minmay_tree_intersection, grunt_megastairs_3
Hell
Zot:1:    layout_concentric_octagons, hellmonk_ghost_big_iron, evilmike_ambush
          [evilmike_ambush_outer_corners, evilmike_ambush_inner_basic]

Skill      XL: |  1  2  3  4  5  6  7  8  9 10 11 12 13 14 15 16 17 18 19 20 21 22 23 24 25 |
---------------+----------------------------------------------------------------------------+-----
Short Blades   | 3 4 |  4.7
Polearms       | 2 4 5 6 8 9 11 14 | 14.0
Invocations    | 4 8 9 12 14 15 18 | 18.0
Fighting       | 6 10 13 14 15 | 15.6
Dodging        | 5 9 |  9.6
Ranged Weapons | 1 3 5 8 10 14 | 14.0
Armour         | 5 8 12 13 14 15 | 15.0
Evocations     | 7 8 11 12 | 12.0
Stealth        | 6 10 11 | 11.3
Shields        | 4 6 11 12 | 12.0
Necromancy     | 1 5 8 11 14 17 18 | 18.0
Spellcasting   | 1 4 6 9 |  9.2
Earth Magic    | 6 12 14 15 | 15.4
Conjurations   | 6 11 14 | 14.4
Throwing       | 3 |  3.3

Action                   |  1- 3 |  4- 6 |  7- 9 | 10-12 | 13-15 | 16-18 | 19-21 | 22-24 | 25-27 || total
-------------------------+-------+-------+-------+-------+-------+-------+-------+-------+-------++-------
Melee: Dagger            |   176 |    11 |       |       |    29 |    22 |       |       |       ||   238
       Rapier            |     4 |       |       |       |       |       |       |       |       ||     4
       Punch             |     1 |       |     2 |    10 |    13 |       |       |       |       ||    26
       Trident           |       |    71 |   210 |   417 |  1764 |  2051 |  1774 |  1816 |   885 ||  8988
       Kick              |       |     3 |    48 |    90 |   174 |   237 |   896 |   958 |   425 ||  2831
       Quick blade       |       |       |       |       |       |       |   128 |    25 |       ||   153
 Fire: Sling             |       |       |       |    46 |    39 |   518 |   143 |   225 |    30 ||  1001
Throw: Throwing net      |       |     1 |     2 |       |       |       |     3 |     5 |     1 ||    12
       Javelin           |       |       |     1 |       |       |    16 |       |    13 |     3 ||    33
       Dart              |       |       |       |     8 |       |     3 |     2 |       |     1 ||    14
       Boomerang         |       |       |       |       |       |       |       |     4 |       ||     4
 Cast: Borgnjor's Vile C |       |       |       |       |       |       |     8 |    10 |     3 ||    21
       Dispel Undead     |       |       |       |       |       |       |     1 |     1 |    42 ||    44
       Stone Arrow       |       |       |       |       |       |       |       |     1 |       ||     1
       Agony             |       |       |       |       |       |       |       |       |     3 ||     3
Invok: Heroism           |       |       |     7 |    17 |    41 |    46 |    46 |    22 |    10 ||   189
       Finesse           |       |       |       |     2 |    13 |    23 |    23 |     9 |     4 ||    74
       Duel              |       |       |       |       |       |       |       |       |     1 ||     1
 Abil: Evoke Blink       |       |       |       |       |       |       |       |       |     4 ||     4
Evoke: Wand              |       |       |    12 |     8 |     5 |    12 |     2 |    16 |     9 ||    64
       Lightning rod     |       |       |       |       |       |     7 |     4 |    15 |       ||    26
       Tin of tremorston |       |       |       |       |       |       |     1 |     1 |     2 ||     4
       Condenser vane    |       |       |       |       |       |       |       |     1 |       ||     1
  Use: Scroll            |       |    12 |     5 |     4 |    14 |    23 |    13 |    12 |     2 ||    85
       Potion            |       |       |     2 |     3 |     2 |    15 |     7 |    14 |     8 ||    51
 Stab: Sleeping          |       |     4 |     2 |     1 |    22 |    19 |    16 |     4 |     2 ||    70
       Held in net/web   |       |     1 |     1 |       |       |     1 |     4 |     2 |       ||     9
       Distracted        |       |       |     2 |     2 |     7 |     9 |     4 |     1 |     4 ||    29
       Invisible         |       |       |       |       |       |     1 |       |     3 |     2 ||     6
Armor: Leather armour    |    35 |     7 |    11 |    13 |       |       |       |       |       ||    66
       Scale mail        |       |       |       |    14 |   199 |    92 |       |       |       ||   305
       Chain mail        |       |       |       |       |       |   273 |   263 |       |       ||   536
       Plate armour      |       |       |       |       |       |       |    80 |   508 |   398 ||   986
Dodge: Dodged            |    77 |    40 |    99 |   180 |  1144 |  1485 |   948 |   866 |   655 ||  5494
       Repelled          |       |       |       |       |    12 |    25 |    18 |    31 |     6 ||    92
Block: Buckler           |       |       |       |       |   482 |   882 |   524 |   521 |       ||  2409
       Kite shield       |       |       |       |       |       |       |       |   103 |   833 ||   936

Table legend: (Time is in decaauts)
 A = Elapsed time spent in this place.
 B = Non-inter-level travel time spent in this place.
 C = Inter-level travel time spent in this place.
 D = Time resting spent in this place.
 E = Time spent auto-exploring this place.
 F = Levels seen in this place.
 G = Mean time per level.
                   A        B        C        D        E       F      G
               +--------+--------+--------+--------+--------+-----+--------+
         Total | 112149 | 104905 |   7244 |  54198 |  30047 |  56 | 2002.7 |
       Dungeon |  26282 |  23640 |   2642 |  10336 |   9511 |  15 | 1752.1 |
        Temple |     43 |     37 |      6 |      0 |     18 |   1 |   43.0 |
          Lair |  12383 |  11411 |    972 |   5860 |   3719 |   5 | 2476.6 |
        Shoals |   7662 |   7581 |     81 |   4000 |   1055 |   4 | 1915.5 |
   Spider Nest |  10957 |  10501 |    456 |   6087 |   2068 |   4 | 2739.2 |
    Slime Pits |   3453 |   3384 |     69 |   2243 |    138 |   5 |  690.6 |
  Orcish Mines |   3883 |   3081 |    802 |   1095 |   1324 |   2 | 1941.5 |
   Elven Halls |   6575 |   5909 |    666 |   2510 |   1674 |   3 | 2191.7 |
        Vaults |  19775 |  18634 |   1141 |  10670 |   5303 |   5 | 3955.0 |
         Crypt |   4466 |   4330 |    136 |   1502 |   1867 |   3 | 1488.7 |
        Depths |  14536 |  14268 |    268 |   9131 |   2809 |   4 | 3634.0 |
          Hell |   1153 |   1153 |      0 |    128 |    560 |   1 | 1153.0 |
           Zot |      9 |      9 |      0 |      0 |      0 |   1 |    9.0 |
         Trove |     57 |     57 |      0 |      0 |      0 |   1 |   57.0 |
        Bailey |    884 |    884 |      0 |    618 |      0 |   1 |  884.0 |
         Arena |     22 |     22 |      0 |     14 |      0 |   1 |   22.0 |
               +--------+--------+--------+--------+--------+-----+--------+

Top non-repeatable levels by time:
Vaults:4: 5351 daAuts
Depths:1: 4743 daAuts
Vaults:2: 4315 daAuts
Depths:2: 3721 daAuts
Vaults:1: 3693 daAuts
Vaults:5: 3606 daAuts
  Lair:5: 3491 daAuts
Spider:4: 3460 daAuts
Depths:4: 3382 daAuts
     D:8: 3083 daAuts
Shoals:3: 2993 daAuts
  Lair:3: 2924 daAuts
Vaults:3: 2808 daAuts
   Elf:1: 2789 daAuts
Spider:3: 2763 daAuts
